 Dungeon Sprint DCSS version 0.23.1 (webtiles) character file.

Game seed: 10676026959896964444

183 nuthulu the Covert (level 5, -3/28 HPs)
             Began as a Spriggan Enchanter on Mar 12, 2019.
             Was a Believer of Dithmenos.
             Slain by a tarantella (13 damage)
             ... in the Dungeon (Sprint V: "Ziggurat Sprint").
             The game lasted 00:01:55 (265 turns).

nuthulu the Covert (Spriggan Enchanter)              Turns: 265, Time: 00:01:56

Health: -3/28      AC:  2    Str:  4    XL:     5   Next: 35%
Magic:  11/13      EV: 30    Int: 16    God:    Dithmenos [**....]
Gold:   0          SH:  0    Dex: 35    Spells: 2/14 levels left

rFire    . . .     SeeInvis +   E - +5 quick blade
rCold    . . .     Gourm    .   (shield restricted)
rNeg     . . .     Faith    .   b - +0 robe
rPois    .         Spirit   .   (helmet restricted)
rElec    .         Reflect  .   (no cloak)
rCorr    .         Harm     .   (gloves unavailable)
MR       .....     NoTele   +   (boots unavailable)
Stlth    ++++......             (no amulet)
HPRegen  0.09/turn              y - +6 ring of dexterity
MPRegen  0.13/turn              z - +6 ring of dexterity

@: confused, agile, very slightly contaminated, wreathed by umbra, studying
Evocations, very quick
A: very small, unfitting armour, see invisible, herbivore, speed 3, slow
metabolism 2
a: Shadow Step, Renounce Religion


You were in the Dungeon.
You worshipped Dithmenos.
Dithmenos was pleased with you.
You were not hungry.

You visited 1 branch

Inventory:

Hand Weapons
 a - a +1 dagger
 E - a +5 quick blade (weapon)
Armour
 b - a +0 robe (worn)
Jewellery
 y - a +6 ring of dexterity (left hand)
 z - a +6 ring of dexterity (right hand)
 A - a +6 ring of intelligence
 B - a +6 ring of intelligence
 C - a +6 ring of strength
 D - a +6 ring of strength
Wands
 v - a wand of disintegration (7)
 w - a wand of iceblast (7)
 x - a wand of acid (7)
Scrolls
 j - 4 scrolls of blinking
 p - 4 scrolls of amnesia
 q - 7 scrolls of fog
 r - a scroll of holy word
 s - 5 scrolls of identify
 t - 5 scrolls of remove curse
 u - 2 scrolls of fear
Potions
 c - 2 potions of brilliance
 e - 10 potions of curing
 f - 7 potions of heal wounds
 g - 5 potions of haste
 h - 6 potions of magic
 i - 3 potions of berserk rage
 k - 2 potions of invisibility
 l - 4 potions of resistance
 n - 4 potions of agility
 o - 4 potions of might
Books
 m - a manual of Evocations
Comestibles
 d - 7 rations


   Skills:
 + Level 2.9 Fighting
 + Level 4.2 Short Blades
 + Level 6.0 Dodging
 + Level 13.2 Stealth
 + Level 5.2 Spellcasting
 + Level 5.7 Hexes


You had 2 spell levels left.
You knew the following spells:

 Your Spells              Type           Power        Failure   Level  Hunger
a - Corona                Hex            ###....      1%          1    None
b - Ensorcelled Hibernat  Hex/Ice        ##....       7%          2    #......
c - Confuse               Hex            ###.....     4%          3    ###....
d - Tukima's Dance        Hex            ###.....     4%          3    ###....
e - Dazzling Spray        Conj/Hex       ##....       14%         3    ###....

Your spell library contained the following spells:

 Spells                   Type           Power        Failure   Level  Hunger


Dungeon Overview and Level Annotations

Branches:
Dungeon (1/1)

Altars:
Ashenzari
Cheibriados
Dithmenos
Elyvilon
Fedhas
Gozag
Hepliaklqana
Kikubaaqudgha
Makhleb
Nemelex Xobeh
Okawaru
Qazlal
Ru
Sif Muna
Trog
Uskayaw
Vehumet
Wu Jian
Xom
Yredelemnul
Zin
The Shining One
Beogh
Jiyva
Lugonu

Annotations:
D 1 transporter


Innate Abilities, Weirdness & Mutations

You are very small and have problems with some larger weapons.
You are too small for most types of armour.
You have supernaturally acute eyesight. (SInv)
You are a herbivore.
You cover ground extremely quickly.
You need to consume almost no food.


Message History

Casting: Confuse (safe; 4% risk of failure)
Confirm with . or Enter, or press ? or * to list all spells.
Aiming: Ensorcelled Hibernation (safe; 7% risk of failure)
Press: ? - help, Shift-Dir - straight line, f - tarantella
Aim: a tarantella (umbra, chance to defeat MR: 44%)
You miscast Ensorcelled Hibernation.
You are very lightly contaminated with residual magic.
You feel off-balance for a moment.
The jumping spider completely misses you. x2
The tarantella completely misses you. The tarantella bites you!!
Ouch! That really hurt!
You are confused.
The jumping spider completely misses you.
The jumping spider barely misses you.
Unknown command.
You're too confused to cast spells.
Unknown command.
Unknown command.
The tarantella bites you!
You die...

▓▓▓▓▓▓▓▓▓▓▓▓▓▓▓▓▓▓▓
▓.8©8.▓.8©8.▓.8©8.▓
▓.@ss.▓.))[.▓.....▓
▓.s[..▓.....▓...[.▓
▓.....▓.....▓.....▓
▓.....▓.....▓.....▓
▓.....▓.....▓..©..▓
▓..©..▓..©..▓▓▓▓▓▓▓
▓▓▓▓▓▓▓▓▓▓▓▓▓


You could see a jumping spider and 2 tarantellas.

Vanquished Creatures
  A phantom (D)
  A scorpion (D)
  An iron imp (D)
  A shadow imp (D)
  An ufetubus (D)
  An adder skeleton (D)
6 creatures vanquished.

Notes
Turn   | Place    | Note
-------+----------+-------------------------------------------
     0 | D        | Found the +6 Majin-Bo {vamp, Archmagi MP+6 Int+6}
     0 | D        | Found the +7 great mace "Firestarter" {inner flame, rF++}
     0 | D        | nuthulu the Spriggan Enchanter began the quest for the Orb.
     0 | D        | Reached XP level 1. HP: 9/9 MP: 5/5
     0 | D        | Found a bloodstained altar of Trog.
     0 | D        | Found a deep blue altar of Sif Muna.
     0 | D        | Found a sacrificial altar of Ru.
     0 | D        | Found a stormy altar of Qazlal.
     0 | D        | Found an iron altar of Okawaru.
     2 | D        | Found a sparkling altar of Nemelex Xobeh.
     2 | D        | Found a blossoming altar of Fedhas.
     4 | D        | Found a transporter.
     4 | D        | Found an ancient bone altar of Kikubaaqudgha.
     4 | D        | Found a viscous altar of Jiyva.
     4 | D        | Found a corrupted altar of Lugonu.
     4 | D        | Found a hazy altar of Hepliaklqana.
     4 | D        | Found a burning altar of Makhleb.
     4 | D        | Found an opulent altar of Gozag.
    33 | D        | Became a worshipper of Dithmenos the Shadowed
    42 | D        | Reached skill level 12 in Stealth
    42 | D        | Reached XP level 2. HP: 13/13 MP: 6/6
    46 | D        | Learned a level 2 spell: Ensorcelled Hibernation
    53 | D        | Entered arena 2.
    53 | D        | Noticed a phantom
    53 | D        | Found a transporter.
    70 | D        | Killed a phantom
    70 | D        | Reached skill level 1 in Fighting
    70 | D        | Reached XP level 3. HP: 12/18 MP: 6/9
    70 | D        | Reached XP level 4. HP: 15/23 MP: 7/11
   181 | D        | Learned a level 3 spell: Confuse
   185 | D        | Learned a level 3 spell: Tukima's Dance
   185 | D        | Entered arena 3.
   185 | D        | Found a transporter.
   201 | D        | Reached * piety under Dithmenos
   201 | D        | Reached skill level 5 in Dodging
   201 | D        | Reached skill level 5 in Hexes
   211 | D        | Reached skill level 13 in Stealth
   214 | D        | Reached XP level 5. HP: 27/27 MP: 13/13
   258 | D        | Learned a level 3 spell: Dazzling Spray
   258 | D        | Entered arena 4.
   258 | D        | Noticed a tarantella
   258 | D        | Noticed a tarantella
   258 | D        | Noticed a jumping spider
   258 | D        | Found a transporter.
   259 | D        | Found the +5 robe of Night {Dark MR+ SInv}
   262 | D        | Reached ** piety under Dithmenos
   262 | D        | Reached skill level 5 in Spellcasting
   265 | D        | Slain by a tarantella

Skill      XL: |  1  2  3  4  5 |
---------------+----------------+-----
Stealth        | 12 13 | 13.2
Fighting       | 1 2 |  2.9
Short Blades   | 3 4 |  4.2
Dodging        | 4 5 6 |  6.0
Spellcasting   | 4 5 |  5.2
Hexes          | 4 5 |  5.7

Action                   |  1- 3 |  4- 6 || total
-------------------------+-------+-------++-------
Melee: Quick blade       |    10 |    22 ||    32
 Cast: Confuse           |       |     2 ||     2
  Use: Potion            |     3 |     5 ||     8
 Stab: Sleeping          |       |     1 ||     1
Armor: Robe              |     1 |       ||     1
Dodge: Dodged            |    12 |    61 ||    73
